Map: Corrosion EC

Players

Sonny

  • Race: Protoss Protoss
  • League: Master
  • Spawn Location: 11:00

zuka - Winner!

  • Race: Protoss Protoss
  • League: Master
  • Spawn Location: 5:00

VOD

Have the link to the VOD?

Description

Time

  • Played on: May 21, 2018, 2:24 p.m.
  • Length: 10:13
Show
View Real Time Build Order
Export as new Build Order

Sonny Protoss 

Build Orders:  

Get SALT Encoding   

  12  0:01  Probe  
  13  0:13  Probe  
  14  0:17  Pylon  
  14  0:24  Probe  
  15  0:32  Probe  
  15  0:38  Gateway  
  15  0:40  Probe  
  16  0:47  Assimilator  
  17  0:51  Probe  
  17  0:56  Assimilator  
  18  1:02  Probe  
  19  1:09  Gateway  
  19  1:11  Probe  
  20  1:19  Probe  
  21  1:25  Cybernetics Core  
  21  1:30  Probe  
  22  1:37  Pylon  
  22  1:42  Probe  
  23  1:55  Probe  
  24  2:02  Stalker x2  
  24  2:03  Warp Gate  
  28  2:14  Pylon  
  28  2:20  Pylon  
  28  2:30  Twilight Council  
  28  2:38  Pylon  
  28  2:50  Nexus  
  27  3:01  Robotics Facility  
  27  3:05  Stalker  
  27  3:12  Probe  
  30  3:28  Stalker  
  32  3:34  Probe  
  32  3:35  Gateway  
  34  3:55  Observer  
  34  4:01  Shield Battery, Pylon  
  34  4:10  Stalker x2  
  34  4:13  Immortal, Probe  
  39  4:20  Probe  
  44  4:26  Probe  
  45  4:32  Sentry  
  45  4:33  Sentry x2  
  45  4:34  Probe  
  45  4:35  Probe  
  52  4:42  Probe  
  52  4:43  Probe  
  53  4:52  Probe  
  55  4:53  Forge  
  56  5:00  Probe  
  56  5:03  Twilight Council  
  56  5:04  Observer, Probe  
  58  5:13  Probe  
  60  5:16  Probe  
  60  5:17  Protoss Ground Weapons Level 1  
  61  5:21  Assimilator  
  61  5:25  Probe  
  61  5:27  Pylon  
  62  5:33  Assimilator  
  62  5:36  Pylon  
  62  5:45  Immortal, Probe x2  
  62  5:48  Zealot  
  70  5:55  Pylon  
  70  5:58  Gateway  
  70  5:59  Pylon  
  70  6:04  Probe  
  70  6:05  Probe  
  72  6:12  Probe  
  72  6:15  Blink  
  72  6:17  Probe  
  73  6:20  Robotics Bay  
  74  6:32  Pylon  
  74  6:34  Pylon  
  74  6:44  Gateway  
  74  6:45  Gateway  
  74  6:47  Gateway  
  74  6:49  Gateway  
  74  6:57  Shield Battery  
  74  6:59  Stalker x2, Shield Battery  
  77  7:13  Adept x2  
  63  7:25  Observer  
  55  7:31  Stalker x2  
  53  7:42  Stalker x2  
  44  7:56  Immortal  
  40  7:59  Stalker x2  
  40  8:05  Stalker x3  
  45  8:14  Zealot  
  45  8:15  Zealot x2  
  42  8:30  Stalker  
  42  8:33  Probe  
  43  9:01  Nexus  
  43  9:02  Disruptor  
  46  9:30  Stalker  
  44  9:42  Stalker  
  31  10:04  Stalker x2  
Show
View Real Time Build Order
Export as new Build Order

zuka Protoss - Winner!

Build Orders: Zealot Archon, Dark Templar Rush 

Get SALT Encoding   

  12  0:00  Probe  
  13  0:13  Probe  
  14  0:17  Pylon  
  14  0:22  Probe  
  15  0:31  Probe  
  16  0:38  Gateway  
  16  0:41  Probe  
  16  0:47  Assimilator  
  17  0:53  Probe  
  17  0:56  Assimilator  
  18  1:01  Probe  
  18  1:09  Gateway, Probe  
  20  1:20  Probe  
  21  1:26  Cybernetics Core  
  21  1:32  Probe  
  22  1:37  Pylon  
  22  1:44  Probe  
  23  1:58  Stalker  
  27  2:10  Warp Gate  
  27  2:17  Stargate  
  29  2:30  Zealot  
  29  2:34  Twilight Council  
  29  2:39  Twilight Council  
  29  2:45  Stalker  
  29  2:51  Pylon  
  29  3:01  Stalker  
  31  3:07  Gateway  
  31  3:13  Nexus  
  31  3:18  Dark Shrine  
  31  3:29  Robotics Facility  
  31  3:33  Pylon  
  31  3:41  Probe  
  31  3:51  Probe  
  32  3:59  Probe  
  32  4:07  Probe  
  32  4:09  Observer  
  33  4:13  Pylon  
  35  4:19  Probe  
  36  4:28  Probe  
  37  4:31  Probe  
  37  4:33  Dark Templar  
  37  4:36  Dark Templar  
  42  4:40  Probe  
  42  4:43  Probe  
  44  4:47  Gateway  
  44  4:52  Charge, Probe  
  45  4:55  Probe  
  44  5:04  Probe  
  45  5:07  Zealot, Probe  
  45  5:08  Zealot  
  50  5:16  Probe  
  51  5:22  Gateway  
  51  5:23  Pylon  
  51  5:25  Gateway  
  51  5:29  Dark Templar  
  51  5:32  Zealot  
  51  5:35  Archon  
  55  5:40  Pylon  
  55  5:48  Gateway  
  55  5:49  Gateway  
  55  5:57  Pylon  
  55  6:01  Dark Templar  
  55  6:02  Dark Templar  
  55  6:03  Zealot  
  61  6:08  Archon  
  61  6:13  Gateway  
  61  6:24  Zealot x3  
  67  6:35  Dark Templar  
  67  6:36  Zealot  
  71  6:44  Zealot x2  
  71  6:45  Zealot x2  
  79  7:10  Dark Templar  
  79  7:11  Zealot x2  
  79  7:12  Zealot  
  79  7:14  Dark Templar  
  57  7:51  Zealot  
  57  7:52  Zealot x5  
  69  7:58  Probe x2  
  69  8:03  Gateway  
  69  8:04  Gateway  
  60  8:22  Zealot x3, Dark Templar x2  
  60  8:23  Zealot x3  
  66  8:38  Archon  
  64  8:47  Probe  
  64  8:48  Dark Templar x2  
  62  8:49  Zealot x4  
  62  8:50  Probe  
  62  8:54  Assimilator  
  74  8:59  Archon, Assimilator  
  74  9:13  Probe  
  74  9:14  Probe  
  76  9:23  Nexus  
  74  9:26  Probe  
  63  9:48  Zealot x4  
  63  9:49  Zealot x4  
Tags
 
Composition
Zealot Archon
Matchup
PvP
Spawn Locations
Cross Positions
Add a new tag
Caveats
  • Supply blocks, unpowered buildings, or Contaminate may cause inaccurate times.
  • Supply counts are checked every 10 seconds.